 Dungeon Crawl Stone Soup version 0.32-a0-868-g153ae1a8d6 (webtiles) character file.

Game seed: 11487331469067476120

203 ezpacito the Chopper (level 5, -4/42 HPs)
             Began as a Coglin Chaos Knight on Mar 28, 2024.
             Was a Plaything of Xom.
             Slain by a river rat (10 damage)
             ... in a sewer.
             The game lasted 00:01:59 (1880 turns).

ezpacito the Chopper (Coglin Chaos Knight)          Turns: 1880, Time: 00:01:59

Health: -4/42      AC:  8    Str: 14    XL:     5   Next: 81%
Magic:  6/6        EV:  6    Int: 11    God:    Xom [.*....]
Gold:   169        SH:  0    Dex: 14    Spells: 5/5 levels left

rFire   . . .        a - +0 hand axe (chaos) {Bunsong}
rCold   . . .        c - +0 spear {Paramjit}
rNeg    . . .        d - +0 chain mail
rPois   .            (no helmet)
rElec   .            (no cloak)
rCorr   .            (no gloves)
SInv    .            (no boots)
Will    .....        (amulet unavailable) Stlth
                     (ring unavailable)
HPRegen 0.27/turn    (ring unavailable)
MPRegen 0.10/turn    (no gizmo)

%: no passive effects
@: revved
A: off-hand wielding, slow wielding, warmup strikes, no jewellery
a: Invent Gizmo, Renounce Religion


You were in a sewer.
You worshipped Xom.
You were a plaything of Xom.
You visited 1 branch of the dungeon, and saw 3 of its levels.
You also visited: Sewer.

You collected 169 gold pieces.

Inventory:

Hand Weapons
 a - a +0 hand axe of chaos (weapon) {Bunsong}
 c - a +0 spear (offhand) {Paramjit}
Armour
 d - a +0 chain mail (worn)
Talismans
 k - a maw talisman
Scrolls
 g - a scroll of amnesia
 l - a scroll of enchant weapon {unknown}
Potions
 b - a potion of heal wounds {unknown}
 e - a potion of curing {unknown}
 f - a potion of enlightenment
 h - a potion of haste
 i - a potion of resistance {unknown}


   Skills:
 * Level 3.8 Fighting
 * Level 3.9(4.0) Axes
 + Level 1.1(2.5) Polearms
 * Level 2.5 Armour
 * Level 2.1 Dodging
 + Level 1.2 Stealth
 + Level 0.7 Spellcasting


You had 5 spell levels left.
You didn't know any spells.
Your spell library was empty.

Dungeon Overview and Level Annotations

Branches:
Dungeon (3/15)              Sewer (1/1)

Altars:


Innate Abilities, Weirdness & Mutations

You can wield a second weapon in your off-hand.
It takes a long time for you to wield or remove held weapons.
Your first few attacks do less damage.
You cannot equip rings or amulets.


Message History

* * * LOW HITPOINT WARNING * * *
You hear a loud squeak.
You take 4 damage, and have 12/42 hp.
You catch the helpless ball python completely off-guard!
You hit the ball python with your +0 hand axe of chaos.
You kill the ball python!
You closely miss the river rat with your +0 hand axe of chaos.
The river rat bites you but does no damage.
A river rat is nearby!
You barely miss the river rat with your +0 hand axe of chaos.
The river rat is heavily wounded.
You closely miss the river rat with your +0 spear.
The river rat bites you.
* * * LOW HITPOINT WARNING * * *
The river rat bites you.
* * * LOW HITPOINT WARNING * * *
You take 7 damage, and have 5/42 hp.
Okay, then.
Okay, then.
Okay, then.
Blink to where?
Press: ? - help, Dir - move target
As you read the scroll of blinking, it crumbles to dust.
Throw: 2 darts (poison)
Press: ? - help, Q - select action Shift-Dir - straight line, f - river rat
Aim: a river rat (heavily wounded, fast, strong, frenzied and wild, 52% to hit)
You throw a poisoned dart.
The poisoned dart closely misses the river rat.
You hear a splash.
The river rat squeaks loudly.
Throw: dart (poison)
Press: ? - help, Q - select action Shift-Dir - straight line, f/p - river rat
Aim: a river rat (heavily wounded, fast, strong, frenzied and wild, 52% to hit)
You throw a poisoned dart. The poisoned dart hits the river rat.
The river rat is poisoned.
The river rat is heavily wounded.
You hit the river rat with your +0 spear.
The river rat is severely wounded.
You hit the river rat but do no damage. The river rat bites you!
You die...

##.....~~~≈~~~.#
#.....(~~≈~~~##
##.....~~~~~.#
####††.†.††~~~..#
#∩###.....~~~~...
#.###.....~~~~...
#..#..(...~~~~...
##....r...~~~~...
##...@...~~~~...
##.....~~~~~...
#....~~~~~~..
#.....~~~≈~~~
#.....~~≈≈~~
..#...~~≈≈≈~
#.###..~~≈≈≈~ #∩
#..~~≈≈≈~


You could see a neutral river rat (fast, strong, frenzied, poisoned).

Vanquished Creatures
  An orc wizard (D:3)
  6 adders
  4 gnolls (D:2)
  A river rat (Sewer)
  2 dart slugs
  3 orcs (D:3)
  4 ball pythons
  7 bats
  3 endoplasms
  6 giant cockroaches
  6 goblins
  4 hobgoblins
  3 jackals (D:1)
  5 kobolds
  A frilled lizard (D:2)
  6 rats
62 creatures vanquished.

Vanquished Creatures (collateral kills)
  A river rat (Sewer)
  2 rats (Sewer)
3 creatures vanquished.

Grand Total: 65 creatures vanquished

Notes
Turn   | Place    | Note
-------+----------+-------------------------------------------
     0 | D:1      | ezpacito the Coglin Chaos Knight began the quest for the
                  | Orb.
     0 | D:1      | Reached XP level 1. HP: 18/18 MP: 1/1
    41 | D:1      | Reached skill level 1 in Dodging
    44 | D:1      | Reached XP level 2. HP: 21/24 MP: 2/2
   529 | D:2      | Reached XP level 3. HP: 29/29 MP: 3/3
   700 | D:2      | XOM: divination: detect items
   708 | D:2      | XOM: enchant monster (good)
   710 | D:2      | XOM: confuse monster(s)
   750 | D:2      | Reached XP level 4. HP: 31/35 MP: 4/4
   957 | D:2      | XOM: 1-stop teleportation journey
  1080 | D:2      | XOM: scenery: summon butterflies
  1517 | D:3      | XOM: enchant monster (good)
  1559 | D:3      | Reached skill level 1 in Stealth
  1623 | D:3      | Reached XP level 5. HP: 40/41 MP: 5/5
  1752 | D:3      | Reached skill level 1 in Polearms
  1759 | D:3      | Found a glowing drain.
  1765 | Sewer    | Entered a sewer
  1791 | Sewer    | XOM: silly message
  1880 | Sewer    | Slain by a river rat

Illustrated notes

Levels and vault maps discovered:
D:1:      mrwooster_arrival_statue_3, layout_rooms, minmay_misc_feat_nine_boxes
D:2:      layout_loops_ring, serial_bayou_pond_b, minmay_misc_feat_enclosed
D:3:      layout_loops_corners, nicolae_hepliaklqana_monster_ancestors,
          gammafunk_temple_overflow_forgotten, serial_glass, glass_columns_c,
          glass_columns_a, mainiacjoe_sewer_entry_somewhere_in_here_1,
          grunt_ministairs_9, nicolae_wormholes, uniq_jessica
Sewer:    sewer_minmay_treatment

Skill      XL: |  1  2  3  4  5 |
---------------+----------------+-----
Dodging        | 1 2 |  2.1
Armour         | 2 |  2.5
Stealth        | 1 |  1.2
Polearms       | 1 |  1.1
Fighting       | |  3.8
Axes           | |  3.9
Spellcasting   | |  0.7

Action                     |  1- 3 |  4- 6 || total
---------------------------+-------+-------++-------
  Melee: Hand axe          |    49 |    73 ||   122
         Dagger            |    40 |     7 ||    47
         Spear             |       |    78 ||    78
  Throw: Dart              |       |     2 ||     2
    Use: Scroll            |     1 |     4 ||     5
         Potion            |     1 |       ||     1
   Stab: Sleeping          |     2 |       ||     2
         Petrified         |     1 |     1 ||     2
         Confused          |     1 |     1 ||     2
         Petrifying        |       |     1 ||     1
 Armour: Leather armour    |    53 |     3 ||    56
         Chain mail        |       |    74 ||    74
  Dodge: Dodged            |    39 |    26 ||    65

Table legend: (Time is in decaauts)
 A = Elapsed time spent in this place.
 B = Non-inter-level travel time spent in this place.
 C = Inter-level travel time spent in this place.
 D = Time resting spent in this place.
 E = Time spent auto-exploring this place.
 F = Levels seen in this place.
 G = Mean time per level.
                   A        B        C        D        E       F      G
               +--------+--------+--------+--------+--------+-----+--------+
         Total |   1896 |   1794 |    102 |      0 |   1401 |   4 |  474.0 |
       Dungeon |   1777 |   1675 |    102 |      0 |   1329 |   3 |  592.3 |
         Sewer |    118 |    118 |      0 |      0 |     72 |   1 |  118.0 |
               +--------+--------+--------+--------+--------+-----+--------+

Top non-repeatable levels by time:
     D:2: 1007 daAuts
     D:1: 517 daAuts
     D:3: 252 daAuts
   Sewer: 118 daAuts
